 Dungeon Crawl Stone Soup version 0.31-a0-222-gefeffbb62a (webtiles) character file.

Game seed: 11228826585637084992

70 innerfire43 the Trooper (level 4, -5/37 HPs)
             Began as a Demonspawn Monk on July 5, 2023.
             Slain by a gnoll
             ... wielding a +0 spear
              (9 damage)
             ... on level 3 of the Dungeon.
             The game lasted 00:01:15 (1923 turns).

innerfire43 the Trooper (Demonspawn Monk)           Turns: 1923, Time: 00:01:16

Health: -5/37      AC:  2    Str: 13    XL:     4   Next: 3%
Magic:  4/4        EV: 13    Int: 11    God:
Gold:   101        SH:  0    Dex: 16    Spells: 3/3 levels left

rFire   . . .        a - +0 hand axe
rCold   . . .        d - orb {light}
rNeg    . . .        b - +0 robe
rPois   .            (helmet restricted)
rElec   .            (no cloak)
rCorr   .            (no gloves)
SInv    .            (no boots)
Will    .....        (no amulet)
Stlth   +            (no ring)
HPRegen 0.26/turn    (no ring)
MPRegen 0.09/turn

%: no passive effects
@: glowing
A: antennae 1
a: no special abilities


You were on level 3 of the Dungeon.
You visited 1 branch of the dungeon, and saw 3 of its levels.

You collected 101 gold pieces.

Inventory:

Hand Weapons
 a - a +0 hand axe (weapon)
Armour
 b - a +0 robe (worn)
 d - an orb of light (worn)
Jewellery
 k - a ring of fire
Wands
 i - a wand of charming (3)
Scrolls
 f - 2 scrolls of amnesia {unknown}
 h - a scroll of revelation {unknown}
 j - a scroll of vulnerability {unknown}
Potions
 e - 4 potions of curing {unknown}
 g - a potion of cancellation {unknown}
 l - a potion of might {unknown}


   Skills:
 + Level 3.8 Fighting
 + Level 3.3 Axes
 + Level 3.3 Dodging


You had 3 spell levels left.
You didn't know any spells.
Your spell library was empty.

Dungeon Overview and Level Annotations

Branches:
Dungeon (3/15)

Altars:
Hepliaklqana


Innate Abilities, Weirdness & Mutations

You have a pair of small antennae on your head.


Message History

The gnoll hits you with a +0 whip.
* * * LOW HITPOINT WARNING * * *
Unknown command.
You are too injured to fight recklessly!
Unknown command.
You are too injured to fight recklessly!
You are confused.
You feel invigorated. The orc barely misses you. The gnoll barely misses you.
The gnoll hits you with a +0 whip!
* * * LOW HITPOINT WARNING * * *
You hit the gnoll.
The gnoll is severely wounded.
You hit the orc but do no damage. The orc barely misses you.
The gnoll barely misses you. The gnoll hits you with a +0 whip.
* * * LOW HITPOINT WARNING * * *
Unknown command.
The orc closely misses you. The gnoll misses you.
A gnoll comes into view. It is wielding a +0 flail.
You see here a +0 dagger.
Unknown command.
You bump into the rock wall.
You feel less invigorated.
You feel less confused.
The gnoll shouts!
The orc barely misses you. The gnoll hits you but does no damage.
The gnoll misses you. The gnoll closely misses you.
The gnoll barely misses you.
You hit the orc.
The orc is moderately wounded.
You hit the gnoll but do no damage. The orc hits you with a +0 hand axe.
The gnoll hits you from afar with a +0 spear!
* * * LOW HITPOINT WARNING * * *
The gnoll closely misses you.
Unknown command.
You barely miss the orc.
The orc is moderately wounded.
You hit the gnoll. x2; The orc barely misses you.
The gnoll hits you with a +0 whip.
* * * LOW HITPOINT WARNING * * *
The gnoll hits you from afar with a +0 spear!
You die...

....# .#. .....# #
.#.##.... .##
#....#.. ..##...#...
......... .......#.#
#.....# ..##.#.[....#
##.....###.#..#g...#
#..........#..#gg..#
........##....go@..#
..†.....##....####.#
..<....##.....####.#
...................##
#.......##..........#
.....................
.#.....###....)...#.#
###...## #........# #
###.####..........#


You could see 4 gnolls and an orc.

Vanquished Creatures
  2 adders
  A worm (D:2)
  3 dart slugs (D:1)
  2 orcs (D:3)
  3 ball pythons
  5 bats
  4 endoplasms
  2 giant cockroaches (D:1)
  4 goblins
  4 hobgoblins
  2 quokkas (D:1)
  A ball python skeleton (D:2)
  A ball python zombie (D:2)
  2 kobolds (D:1)
  2 quokka zombies (D:2)
  A rat (D:2)
39 creatures vanquished.

Notes
Turn   | Place    | Note
-------+----------+-------------------------------------------
     0 | D:1      | innerfire43 the Demonspawn Monk began the quest for the
                  | Orb.
     0 | D:1      | Reached XP level 1. HP: 18/18 MP: 1/1
   121 | D:1      | Gained mutation: You have a pair of small antennae on your
                  | head. [demonic ancestry]
   121 | D:1      | Reached XP level 2. HP: 17/24 MP: 2/2
   999 | D:2      | Reached XP level 3. HP: 23/29 MP: 3/3
  1157 | D:2      | Found a hazy altar of Hepliaklqana.
  1906 | D:3      | Reached XP level 4. HP: 34/37 MP: 4/4
  1923 | D:3      | Slain by a gnoll

Illustrated notes

Levels and vault maps discovered:
D:1:      ncdulo_wetmaze, layout_basic
D:2:      layout_basic, serial_undead, serial_undead_d, serial_undead_c,
          serial_undead_e, serial_undead_d, basic_altar, serial_bayou_pond_c,
          chequers_big_river, hangedman_abyss_or_decor_lesser_grid
D:3:      layout_rooms, mainiacjoe_overflow_alcove_2,
          hellmonk_ghost_happy_afterlife, minmay_misc_feat_iff,
          kennysheep_generic_room_16

Skill      XL: |  1  2 |
---------------+-------+-----
Axes           | 3 |  3.3
Dodging        | 3 |  3.3
Fighting       | |  3.8

Action                     |  1- 3 |  4- 6 || total
---------------------------+-------+-------++-------
  Melee: Hand axe          |   107 |    13 ||   120
    Use: Potion            |       |     1 ||     1
   Stab: Sleeping          |     1 |       ||     1
 Armour: Robe              |    23 |     3 ||    26
  Dodge: Dodged            |    78 |    19 ||    97

Table legend: (Time is in decaauts)
 A = Elapsed time spent in this place.
 B = Non-inter-level travel time spent in this place.
 C = Inter-level travel time spent in this place.
 D = Time resting spent in this place.
 E = Time spent auto-exploring this place.
 F = Levels seen in this place.
 G = Mean time per level.
                   A        B        C        D        E       F      G
               +--------+--------+--------+--------+--------+-----+--------+
         Total |   1954 |   1851 |    103 |      0 |   1564 |   3 |  651.3 |
       Dungeon |   1954 |   1851 |    103 |      0 |   1564 |   3 |  651.3 |
               +--------+--------+--------+--------+--------+-----+--------+

Top non-repeatable levels by time:
     D:1: 947 daAuts
     D:2: 878 daAuts
     D:3: 128 daAuts
